 Dungeon Crawl Stone Soup version 0.30-a0-760-g5a9884bb7c (webtiles) character file.

Game seed: 5795526715240049377

2209 Newt the Skirmisher (level 9, 0/54 HPs)
             Began as a Kobold Hunter on Feb 10, 2023.
             Slain by a boulder beetle (9 damage)
             ... on level 6 of the Dungeon.
             The game lasted 00:07:33 (6573 turns).

Newt the Skirmisher (Kobold Hunter)                 Turns: 6573, Time: 00:07:33

Health: 0/54       AC: 10    Str: 12    XL:     9   Next: 60%
Magic:  11/17      EV: 18    Int:  9    God:
Gold:   480        SH:  0    Dex: 22    Spells: 16/19 levels left

rFire   . . .      SeeInvis .    a - +1 shortbow
rCold   . . .      Faith    .    (shield currently unavailable)
rNeg    . . .      Spirit   .    c - +0 leather armour
rPois   +          Reflect  .    (no helmet)
rElec   .          Harm     .    e - +2 cloak
rCorr   .          Rampage  .    h - +0 pair of gloves
Will    .....                    (no boots)
Stlth   +++                      (no amulet)
HPRegen 0.29/turn                x - ring of poison resistance
MPRegen 0.15/turn                (no ring)

@: no status effects
A: small, no large weapons, nightstalker 3, hooves 1, iridescent scales 1,
screaming 1, shaggy fur 1, strong 1
a: no special abilities


You were on level 6 of the Dungeon.
You visited 1 branch of the dungeon, and saw 6 of its levels.
You also visited: Sewer and Ossuary.

You collected 480 gold pieces.

Inventory:

Hand Weapons
 a - a +1 shortbow (weapon)
Armour
 c - a +0 leather armour (worn)
 e - a +2 cloak (worn)
 h - a +0 pair of gloves (worn)
Jewellery
 x - a ring of poison resistance (left hand)
Wands
 m - a wand of iceblast (9)
Scrolls
 b - a scroll of immolation
 d - a scroll of noise
 f - 3 scrolls of fog
 l - a scroll of enchant armour
 n - 5 scrolls of teleportation
 z - a scroll of fear
Potions
 g - 2 potions of magic
 i - 2 potions of cancellation
 k - 6 potions of flight
 o - 2 potions of mutation
 p - 3 potions of curing
 q - 3 potions of berserk rage {unknown}
 r - 2 potions of attraction {unknown}
 s - a potion of might {unknown}
 t - a potion of brilliance {unknown}
 u - 2 potions of lignification {unknown}


   Skills:
 - Level 5.0 Fighting
 - Level 10.0 Ranged Weapons
 - Level 6.0 Dodging
 - Level 1.3 Stealth
 + Level 5.6 Spellcasting
 + Level 5.6 Ice Magic


You had 16 spell levels left.
You knew the following spells:

 Your Spells              Type           Power      Damage    Failure   Level
a - Frozen Ramparts       Ice            24%        1d4       9%          3

Your spell library contained the following spells:

 Spells                   Type           Power      Damage    Failure   Level
 Freeze                   Ice            48%        1d6       3%          1
 Ensorcelled Hibernation  Hex/Ice        14%        N/A       14%         2
 Hailstorm                Conj/Ice       7%         3d4       28%         3
 Foxfire                  Conj/Fire      8%         2x1d4     30%         1
 Magic Dart               Conj           8%         1d3       30%         1
 Necrotise                Necr           8%         1d4       30%         1
 Sandblast                Erth           4%         2d4       30%         1
 Summon Small Mammal      Summ           8%         N/A       30%         1
 Call Imp                 Summ           2%         N/A       41%         2
 Passwall                 Tmut/Erth      1%         N/A       41%         2
 Sublimation of Blood     Necr           2%         N/A       41%         2
 Wereblood                Tmut           2%         N/A       41%         2
 Call Canine Familiar     Summ           2%         N/A       65%         3
 Mephitic Cloud           Conj/Pois/Air  2%         N/A       65%         3
 Stone Arrow              Conj/Erth      4%         3d7       65%         3
 Summon Guardian Golem    Hex/Summ       2%         N/A       65%         3
 Swiftness                Air            2%         N/A       65%         3
 Vampiric Draining        Necr           2%         2d6       65%         3
 Agony                    Necr           2%         N/A       100%        5
 Fireball                 Conj/Fire      1%         3d3       100%        5
 Starburst                Conj/Fire      1%         6d3       100%        6
 Summon Hydra             Summ           1%         N/A       100%        7


Dungeon Overview and Level Annotations

Branches:
Dungeon (6/15)              Sewer (visited)         Ossuary (visited)
 Temple: D:4-7

Altars:
The Shining One


Innate Abilities, Weirdness & Mutations

You are small and have problems with some larger weapons.
You are completely attuned to the shadows.
You have large cloven feet.
You are partially covered in iridescent scales. (AC +2)
You occasionally shout uncontrollably at your foes.
You are covered in fur. (AC +1)
Your muscles are strong. (Str +4, Int/Dex -1)


Message History

Confirm with . or Enter, or press ? or * to list all spells.
Casting: Frozen Ramparts (dangerous; 9% risk of failure)
Press: ? - help, Dir - look around, f - activate The walls around you are covered in ice.
The wall freezes the boulder beetle but does no damage.
You feel much better.
The wall freezes the boulder beetle but does no damage.
The boulder beetle bites you!
Okay, then.
Fire: a) +1 shortbow
Press: ? - help, Shift-Dir - straight line, f - boulder beetle
Aim: a boulder beetle (severely wounded, 92% to hit)
You shoot an arrow. The arrow hits the boulder beetle.
The boulder beetle is severely wounded.
The wall freezes the boulder beetle but does no damage.
The boulder beetle bites you!
Fire: a) +1 shortbow
Press: ? - help, Shift-Dir - straight line, f/p - boulder beetle
Aim: a boulder beetle (severely wounded, 92% to hit)
You shoot an arrow.
The arrow hits the boulder beetle but does no damage.
The boulder beetle is severely wounded.
The wall freezes the boulder beetle but does no damage.
The boulder beetle bites you!
* * * LOW HITPOINT WARNING * * *
Fire: a) +1 shortbow
Press: ? - help, Shift-Dir - straight line, f/p - boulder beetle
Aim: a boulder beetle (severely wounded, 92% to hit)
You shoot an arrow.
The arrow hits the boulder beetle but does no damage.
The boulder beetle is severely wounded.
The wall freezes the boulder beetle but does no damage.
The boulder beetle barely misses you.
Fire: a) +1 shortbow
Press: ? - help, Shift-Dir - straight line, f/p - boulder beetle
Aim: a boulder beetle (severely wounded, 92% to hit)
You shoot an arrow. The arrow hits the boulder beetle.
The boulder beetle is severely wounded.
The frozen ramparts melt away.
The boulder beetle bites you!
You die...

.........'...'.......'.......#
...#######...#########.......####
########.........................
..................#.###.##.######
......................#.##.#
..................#...#.##.#
..................#...#>##.#
####.############.#.....##.#
#.#*,,,,,...B@..))##.##.#
#.#**,**######.##.#####.### #.#
*,* #......#..........#
#.#**,**#.#.............#.#
#.#,,,,,................#.#
####.##########.#.#.######.#.#
................#.#.# #.#.#
####.#####..#####.#,# #.#.#
#.#.........,,.#,* *,#.#


You could see a boulder beetle.

Vanquished Creatures
  Pikel (D:4)
  Grinder (D:4)
  Edmund (D:4)
  2 ice beasts (D:5)
  An ogre (D:6)
  A centaur (D:6)
  A lemure (D:4)
  2 phantoms
  Blork the orc (D:5)
  A bullfrog (D:6)
  2 scorpions
  A gnoll sergeant (D:6)
  A howler monkey (D:6)
  2 hounds
  An iguana (D:5)
  An orc wizard (D:6)
  9 mummies
  12 gnolls
  7 adders
  8 river rats
  An ufetubus (D:5)
  5 worms
  2 dart slugs
  5 orcs
  4 ball pythons
  5 endoplasms
  8 giant cockroaches
  6 goblins
  8 hobgoblins
  9 kobolds
  6 quokkas
  11 bats
  4 frilled lizards
  A gnoll zombie (Ossuary)
  2 hobgoblin zombies (Ossuary)
  2 kobold zombies (Ossuary)
  3 orc zombies (Ossuary)
  9 rats
147 creatures vanquished.

Notes
Turn   | Place    | Note
-------+----------+-------------------------------------------
     0 | D:1      | Newt the Kobold Hunter began the quest for the Orb.
     0 | D:1      | Reached XP level 1. HP: 12/12 MP: 1/1
    95 | D:1      | Reached XP level 2. HP: 18/18 MP: 2/2
   259 | D:1      | Reached XP level 3. HP: 23/23 MP: 3/3
   911 | D:2      | Reached XP level 4. HP: 30/30 MP: 4/4
  1029 | D:2      | Found a faded altar of an unknown god.
  1598 | D:3      | Reached skill level 5 in Fighting
  1599 | D:3      | Found a glowing drain.
  1605 | Sewer    | Entered a sewer
  1649 | Sewer    | Reached XP level 5. HP: 35/35 MP: 5/5
  1771 | Sewer    | Reached skill level 6 in Ranged Weapons
  2095 | Sewer    | Reached skill level 7 in Ranged Weapons
  2097 | Sewer    | Reached XP level 6. HP: 39/40 MP: 6/6
  2390 | D:3      | Gained mutation: Potions are less effective at restoring
                  | your health. [potion of mutation]
  2390 | D:3      | Gained mutation: You are robust. (+10% HP) [potion of
                  | mutation]
  2390 | D:3      | Gained mutation: Armour fits poorly on your strangely
                  | shaped body. [potion of mutation]
  2391 | D:3      | Lost mutation: You are robust. (+10% HP) [potion of
                  | mutation]
  2391 | D:3      | Lost mutation: Potions are less effective at restoring your
                  | health. [potion of mutation]
  2391 | D:3      | Lost mutation: Armour fits poorly on your strangely shaped
                  | body. [potion of mutation]
  2391 | D:3      | Gained mutation: You are partially covered in iridescent
                  | scales. (AC +2) [potion of mutation]
  2391 | D:3      | Gained mutation: You occasionally shout uncontrollably at
                  | your foes. [potion of mutation]
  2391 | D:3      | Gained mutation: You have hidden genetic potential. [potion
                  | of mutation]
  2391 | D:3      | Gained mutation: You have large cloven feet. [potion of
                  | mutation]
  2447 | D:3      | Found a glowing golden altar of the Shining One.
  2679 | D:3      | Reached skill level 8 in Ranged Weapons
  3119 | D:4      | Noticed Pikel
  3144 | D:4      | Killed Pikel
  3145 | D:4      | Reached skill level 10 in Ranged Weapons
  3145 | D:4      | Reached XP level 7. HP: 39/44 MP: 7/7
  3145 | D:4      | Reached XP level 8. HP: 44/49 MP: 8/8
  3145 | D:4      | Noticed Grinder
  3160 | D:4      | Killed Grinder
  3166 | D:4      | Gained mutation: You are covered in fur. (AC +1) [hidden
                  | potential]
  3470 | D:4      | Noticed Edmund
  3482 | D:4      | Killed Edmund
  3483 | D:4      | Reached skill level 1 in Spellcasting
  3483 | D:4      | Reached skill level 1 in Ice Magic
  3546 | D:4      | Learned a level 3 spell: Frozen Ramparts
  4040 | D:5      | Entered Level 5 of the Dungeon
  4233 | D:5      | Reached XP level 9. HP: 52/54 MP: 12/14
  4362 | D:5      | Noticed Blork the orc
  4373 | D:5      | Killed Blork the orc
  5052 | D:5      | Gained mutation: Your muscles are strong. (Str +4, Int/Dex
                  | -1) [hidden potential]
  5052 | D:5      | Lost mutation: You have hidden genetic potential. [hidden
                  | potential expressed]
  5337 | D:6      | Found a sand-covered staircase.
  5345 | Ossuary  | Entered an ossuary
  5399 | Ossuary  | Reached skill level 5 in Spellcasting
  5583 | Ossuary  | Reached skill level 5 in Ice Magic
  5985 | D:6      | Noticed a boulder beetle
  6573 | D:6      | Slain by a boulder beetle

Illustrated notes

Levels and vault maps discovered:
D:1:      roderic_crossed_star, layout_rooms, minmay_vboxes
D:2:      layout_loops_ring, basic_ecumenical_altar
D:3:      layout_basic, nicolae_tso_swordbearing_angel, gup_sewer_entry_bubbles
D:4:      layout_loops_ring, uniq_edmund, uniq_grinder, uniq_pikel
D:5:      layout_basic, serial_park_tiny_2, uniq_blork_the_orc
D:6:      layout_basic, gup_ossuary_entry_pyramid

Skill      XL: |  1  2  3  4  5  6  7  8  9 |
---------------+----------------------------+-----
Fighting       | 3 4 5 |  5.0
Ranged Weapons | 7 10 | 10.0
Dodging        | 4 6 |  6.0
Spellcasting   | 3 5 |  5.6
Ice Magic      | 3 5 |  5.6
Stealth        | |  1.3

Action                     |  1- 3 |  4- 6 |  7- 9 || total
---------------------------+-------+-------+-------++-------
   Fire: Shortbow          |    75 |   184 |   304 ||   563
   Cast: Frozen Ramparts   |       |       |     5 ||     5
  Evoke: Wand              |       |     1 |     5 ||     6
    Use: Scroll            |     4 |     4 |     7 ||    15
         Potion            |       |     5 |     4 ||     9
 Armour: Leather armour    |     9 |    41 |    52 ||   102
  Dodge: Dodged            |    24 |   112 |   204 ||   340

Table legend: (Time is in decaauts)
 A = Elapsed time spent in this place.
 B = Non-inter-level travel time spent in this place.
 C = Inter-level travel time spent in this place.
 D = Time resting spent in this place.
 E = Time spent auto-exploring this place.
 F = Levels seen in this place.
 G = Mean time per level.
                   A        B        C        D        E       F      G
               +--------+--------+--------+--------+--------+-----+--------+
         Total |   6783 |   6586 |    197 |    938 |   4594 |   8 |  847.9 |
       Dungeon |   5449 |   5252 |    197 |    573 |   3883 |   6 |  908.2 |
         Sewer |    850 |    850 |      0 |    194 |    490 |   1 |  850.0 |
       Ossuary |    484 |    484 |      0 |    171 |    221 |   1 |  484.0 |
               +--------+--------+--------+--------+--------+-----+--------+

Top non-repeatable levels by time:
     D:5: 1118 daAuts
     D:3: 1000 daAuts
     D:4: 977 daAuts
     D:6: 922 daAuts
   Sewer: 850 daAuts
     D:2: 729 daAuts
     D:1: 702 daAuts
 Ossuary: 484 daAuts
